Map: New Repugnancy LE

Players

Scarlett - Winner!

  • Race: Zerg Zerg
  • Spawn Location: 1:00

herO

  • Race: Protoss Protoss
  • Spawn Location: 7:00

Event: IEM Season 13: Katowice (2019)

VOD

Have the link to the VOD?

Description

Time

  • Played on: Feb. 25, 2019, 10:29 a.m.
  • Length: 5:03

All games in this series

Show
View Real Time Build Order
Export as new Build Order

Scarlett Zerg - Winner!

Build Orders: Hatch First 

Get SALT Encoding   

  12  0:00  Drone  
  13  0:13  Overlord  
  13  0:17  Drone  
  14  0:31  Drone x2  
  16  0:47  Hatchery  
  15  0:51  Drone  
  15  0:55  Drone  
  17  1:00  Drone  
  18  1:09  Extractor  
  17  1:14  Spawning Pool  
  17  1:17  Drone  
  17  1:21  Drone  
  18  1:28  Drone  
  20  1:40  Drone  
  20  1:52  Hatchery  
  19  1:54  Drone  
  19  2:01  Queen  
  22  2:04  Zergling x2  
  22  2:08  Drone  
  24  2:12  Drone  
  24  2:14  Drone  
  26  2:19  Metabolic Boost  
  26  2:29  Roach Warren  
  25  2:31  Zergling x2  
  25  2:34  Zergling x2  
  27  2:39  Overlord  
  27  2:48  Drone  
  28  2:54  Overlord  
  28  2:57  Drone x2  
  30  3:09  Roach x3  
  30  3:10  Roach  
  38  3:14  Roach  
  38  3:17  Roach  
  42  3:22  Roach  
  42  3:26  Overlord  
  44  3:29  Zergling x2  
  45  3:35  Zergling x6  
  45  3:39  Zergling x4  
  50  3:44  Overlord  
  50  3:50  Zergling x4  
  50  3:51  Ravager  
  53  3:56  Zergling x4  
  53  3:57  Zergling x2  
  56  4:03  Zergling x4  
  56  4:08  Zergling x2  
  57  4:14  Zergling x6  
  56  4:18  Zergling x2  
  56  4:21  Ravager  
  56  4:22  Zergling x2  
  56  4:23  Zergling x4  
  59  4:29  Zergling x6  
  59  4:34  Zergling x4  
  60  4:42  Zergling x4  
  60  4:45  Ravager  
Show
View Real Time Build Order
Export as new Build Order

herO Protoss 

Build Orders: 1 Gate Expand 

Get SALT Encoding   

  12  0:01  Probe  
  13  0:13  Probe  
  14  0:18  Pylon  
  14  0:24  Probe  
  15  0:32  Probe  
  15  0:40  Probe  
  15  0:41  Gateway  
  17  0:50  Assimilator  
  17  0:51  Probe  
  18  1:03  Probe  
  19  1:15  Probe  
  20  1:25  Nexus  
  20  1:36  Cybernetics Core  
  20  1:39  Probe  
  21  1:45  Assimilator  
  21  1:51  Probe  
  22  1:56  Pylon  
  22  2:03  Probe  
  22  2:04  Adept  
  23  2:15  Probe  
  26  2:17  Warp Gate  
  26  2:23  Robotics Facility  
  26  2:27  Probe  
  27  2:34  Stalker  
  27  2:35  Probe  
  27  2:37  Probe  
  29  2:43  Probe  
  31  2:45  Probe  
  33  2:52  Probe  
  33  2:55  Probe  
  35  3:04  Sentry, Probe  
  38  3:07  Probe  
  38  3:08  Warp Prism  
  41  3:16  Probe  
  41  3:19  Pylon, Probe  
  43  3:25  Gateway  
  43  3:30  Probe  
  43  3:31  Probe  
  45  3:38  Observer  
  45  3:42  Probe  
  45  3:43  Probe  
  48  3:52  Pylon  
  48  3:54  Immortal  
  49  3:57  Twilight Council  
  49  4:00  Forge  
  48  4:07  Stalker  
  48  4:08  Shield Battery  
  51  4:11  Shield Battery  
  44  4:17  Shield Battery  
  44  4:20  Stalker  

Tags
 
Add a new tag
Caveats
  • Supply blocks, unpowered buildings, or Contaminate may cause inaccurate times.
  • Supply counts are checked every 10 seconds.